 Dungeon Crawl Stone Soup version 0.20.1-1-g8b1a95d (webtiles) character file.

723 slep the Slasher (level 7, -8/55 HPs)
             Began as a Demonspawn Abyssal Knight on Oct 26, 2017.
             Was a Believer of Lugonu.
             Killed from afar by Dowan (24 damage)
             ... with a shard of ice
             ... on level 5 of the Dungeon.
             The game lasted 00:23:19 (3343 turns).

slep the Slasher (Demonspawn Abyssal Knight)        Turns: 3343, Time: 00:23:20

Health: -8/55      AC:  7    Str: 17    XL:     7   Next: 43%
Magic:  9/9        EV:  8    Int: 14    God:    Lugonu [**....]
Gold:   315        SH: 13    Dex: 17    Spells: 6/6 levels left

rFire    . . .     SeeInvis .   a - +1 falchion
rCold    . . .     Gourm    .   y - +0 large shield of Complete Protection {rPois MR+ Dex+3}
rNeg     + . .     Faith    .   b - +0 leather armour
rPois    +         Spirit   .   (no helmet)
rElec    .         Reflect  .   d - +0 cloak
rCorr    .         Harm     .   (no gloves)
MR       +....                  e - +0 pair of boots
Stlth    +.........             (no amulet)
Regen    0.2/turn               x - ring of positive energy
MPRegen  0.2/turn               (no ring)

@: mighty
A: hooves 1, iridescent scales 1, powered by pain 1
a: Depart the Abyss, Bend Space, Renounce Religion


You were on level 5 of the Dungeon.
You worshipped Lugonu.
Lugonu was pleased with you.
You were hungry.

You visited 1 branch of the dungeon, and saw 5 of its levels.
You visited the Abyss 1 time.

You collected 315 gold pieces.

Inventory:

Hand Weapons
 a - a +1 falchion (weapon)
 i - a +2 dagger of venom
 n - a +0 dagger of draining
 w - a -3 flail
Missiles
 q - 2 tomahawks (quivered)
Armour
 b - a +0 leather armour (worn)
 d - a +0 cloak (worn)
 e - a +0 pair of boots (worn)
 y - the +0 large shield of Complete Protection (worn) {rPois MR+ Dex+3}
   (You found it on level 4 of the Dungeon)

   It affects your dexterity (+3).
   It protects you from poison.
   It affects your resistance to hostile enchantments.
Jewellery
 x - a ring of positive energy (left hand)
Scrolls
 g - a scroll of fog
 h - 4 scrolls of identify
 j - a scroll of random uselessness
 m - 2 scrolls of remove curse
 p - 2 scrolls of recharging {unknown}
 t - a scroll of magic mapping {unknown}
 u - 3 scrolls of immolation {unknown}
 v - a scroll of teleportation {unknown}
Potions
 f - a potion of lignification
 k - 3 potions of flight
 r - a potion of heal wounds {unknown}
 s - 2 potions of might {unknown}
Books
 o - a book of Cantrips

   Spells                             Type                      Level
   a - Confusing Touch                Hexes                        1
   b - Animate Skeleton               Necromancy                   1
   c - Summon Small Mammal            Summoning                    1
   d - Apportation                    Translocation                1
Comestibles
 c - 3 bread rations
 l - a royal jelly


   Skills:
 + Level 4.8 Fighting
 + Level 0.8(3.1) Short Blades
 + Level 4.9(5.0) Long Blades
 + Level 2.7 Armour
 + Level 2.4 Dodging
 + Level 0.2 Stealth
 + Level 2.4 Shields
 + Level 3.0 Invocations


You had 6 spell levels left.
You didn't know any spells.

Dungeon Overview and Level Annotations

Branches:
Dungeon (5/15)
 Temple: D:4-7

Altars:
Makhleb
Vehumet
Xom
Zin
The Shining One
Beogh

Annotations:
D:5 Dowan


Innate Abilities, Weirdness & Mutations

You have large cloven feet.
You are partially covered in iridescent scales. (AC +2)
You sometimes gain a little power by taking damage.


Message History

a short sword; a leather armour; the elf corpse of Duvessa Dowan casts a spell at you.
The shard of ice hits you!
You focus on the pain.
You feel very mighty all of a sudden.
You closely miss Dowan. Dowan hits you but does no damage.
Dowan hits you with a dagger.
* * * LOW HITPOINT WARNING * * *
Your leather armour prevents you from hitting Dowan.
You block Dowan's attack. Dowan hits you with a dagger.
* * * LOW HITPOINT WARNING * * *
Your shield prevents you from hitting Dowan.
You block Dowan's attack. x2
You hit Dowan.
Dowan is moderately wounded.
You block Dowan's attack. Dowan hits you but does no damage.
Your shield prevents you from hitting Dowan.
Dowan is moderately wounded.
Dowan casts a spell at you. The shard of ice hits you!
You die...

..# ..##
...# ...##
##....
##...#
###..e#
#...@.#
#...###
##<## #.#
#.# .# #.#
..# ##.##
..###
#..[##....
##.......#


You could see Dowan.

Vanquished Creatures
  The ghost of fatpigsinatree the Covert, a novice OpAs of Hepliaklqana (D:4)
  Duvessa (D:5)
  A crimson imp (D:4)
  2 orc priests (D:4)
  A hound (D:4)
  An orc wizard (D:4)
  2 bullfrog skeletons (D:4)
  An iguana (D:4)
  Jessica (D:2)
  An adder (D:2)
  2 oozes
  A worm (D:3)
  4 dart slugs
  13 orcs
  9 bats
  4 giant cockroaches
  10 goblins
  5 hobgoblins
  4 jackals (D:1)
  2 quokkas
  4 ball pythons
  A frilled lizard (D:2)
  A jackal skeleton (D:4)
  7 kobolds
  A leopard gecko skeleton (D:4)
  8 rats
88 creatures vanquished.

Notes
Turn   | Place    | Note
-------+----------+-------------------------------------------
     0 | Abyss:1  | slep the Demonspawn Abyssal Knight began the quest for the Orb.
     0 | Abyss:1  | Reached XP level 1. HP: 18/18 MP: 2/2
    29 | Abyss:1  | Noticed a small abomination
    39 | D:1      | Escaped the Abyss
   166 | D:1      | Gained mutation: You sometimes gain a little power by taking damage. [demonic ancestry]
   166 | D:1      | Reached XP level 2. HP: 11/24 MP: 3/3
   170 | D:1      | Reached * piety under Lugonu
   498 | D:2      | Gained mutation: You are partially covered in iridescent scales. (AC +2) [demonic ancestry]
   498 | D:2      | Reached XP level 3. HP: 17/29 MP: 5/5
   581 | D:2      | Noticed Jessica
   591 | D:2      | Killed Jessica
   701 | D:2      | Reached skill level 1 in Dodging
   749 | D:2      | Reached XP level 4. HP: 30/37 MP: 6/6
  1577 | D:3      | Reached ** piety under Lugonu
  1827 | D:3      | Found a faded altar of an unknown god.
  2028 | D:4      | Reached XP level 5. HP: 10/42 MP: 7/7
  2043 | D:4      | Found a glowing golden altar of the Shining One.
  2101 | D:4      | Got an ancient large shield
  2119 | D:4      | Identified the cursed +0 large shield of Complete Protection {rPois MR+ Dex+3} (You found it on level 4 of the Dungeon)
  2280 | D:4      | Noticed fatpigsinatree's ghost (novice OpAs)
  2287 | D:4      | Noticed a phantom
  2336 | D:4      | HP: 2/42 [phantom (7)]
  2347 | D:4      | Killed fatpigsinatree's ghost
  2347 | D:4      | Reached skill level 1 in Shields
  2347 | D:4      | Reached XP level 6. HP: 9/49 MP: 8/8
  2351 | D:4      | HP: 1/73 [phantom (8)]
  2355 | D:5      | Entered Level 5 of the Dungeon
  2355 | D:5      | Noticed Duvessa
  2355 | D:5      | Noticed Dowan
  2425 | D:4      | Found a shimmering altar of Xom.
  2460 | D:4      | Found a radiant altar of Vehumet.
  2461 | D:4      | Found a burning altar of Makhleb.
  2481 | D:4      | Gained mutation: You have large cloven feet. [demonic ancestry]
  2481 | D:4      | Reached XP level 7. HP: 15/55 MP: 9/9
  2893 | D:4      | Found a roughly hewn altar of Beogh.
  3171 | D:4      | Found a glowing silver altar of Zin.
  3335 | D:5      | Killed Duvessa
  3343 | D:5      | Killed from afar by Dowan

Skill      XL: |  1  2  3  4  5  6 |
---------------+-------------------+-----
Long Blades    | 2 3 4 |  4.9
Invocations    | 3 |  3.0
Dodging        | 1 2 |  2.4
Armour         | 2 |  2.7
Fighting       | 4 |  4.8
Shields        | 1 2 |  2.4
Short Blades   | |  0.8
Stealth        | |  0.2

Action                   |  1- 3 |  4- 6 |  7- 9 || total
-------------------------+-------+-------+-------++-------
Melee: Falchion          |   102 |   185 |    65 ||   352
       Dagger            |       |    53 |       ||    53
Invok: Depart the Abyss  |     1 |       |       ||     1
  Use: Potion            |     1 |     4 |       ||     5
       Scroll            |       |     4 |       ||     4
 Stab: Sleeping          |       |     1 |       ||     1
  Eat: Chunk             |       |     5 |     3 ||     8
Armor: Leather armour    |    34 |    77 |    20 ||   131
       Skin              |     1 |       |       ||     1
Dodge: Dodged            |    55 |   104 |    10 ||   169
Block: Large shield      |       |    58 |    36 ||    94
       Rpst.: Falchion   |    15 |    29 |     4 ||    48
